Thrashers vs Rangers

Created - October 6 2009 at 18:41

Simulating a Pre-Season

Goals
1 2 3 T
Thrashers 1 1 1 3
Rangers 1 0 1 2
Shots
1 2 3 T
Thrashers 5 13 10 28
Rangers 8 5 7 20

Period #1

1. Rangers , Lubomir Visnovsky 1 (Scott Gomez, Niklas Hagman) at 2:21 (PP)
2. Thrashers , Nik Antropov 1 (Mike Ribeiro, Adrian Aucoin) at 14:58

Penalties :
Dennis Wideman (ATL) for Holding Stick (Minor) at 2:03, Bill Guerin (NYR) for Hooking (Minor) at 4:24, James Wisniewski (ATL) for Goalie Interference (Minor) at 6:30, Mike Ribeiro (ATL) for High sticking (Minor) at 9:34, Ales Kotalik (NYR) for Close Hand On Puck (Minor) at 18:40

Period #2

3. Thrashers , Sergei Zubov 1 (Adrian Aucoin, Mike Ribeiro) at 10:22 (PP)

Penalties :
Cam Barker (NYR) for Hooking (Minor) at 8:28, Kristopher Letang (NYR) for Hooking (Minor) at 9:03, Cam Barker (NYR) for Holding (Minor) at 14:04, Dave Bolland (ATL) for Roughing (Minor) at 16:04

Period #3

4. Thrashers , Antoine Vermette 1 (Mike Ribeiro, Adrian Aucoin) at 1:32
5. Rangers , Chris Kelly 1 (Vyacheslav Kozlov, Kyle Wellwood) at 11:39 (PP)

Penalties :
Cam Barker (NYR) for Diving (Minor) at 3:02, James Wisniewski (ATL) for High sticking (Minor) at 9:43, Kristopher Letang (NYR) for Tripping (Minor) at 13:33, Lubomir Visnovsky (NYR) for Holding (Minor) at 14:07, Dan Girardi (ATL) for Holding (Minor) at 16:21

Goalie Stats

Roberto Luongo (ATL), 18 saves from 20 shots - (0.900), W, 1-2-0, 60:00 minutes
Vesa Toskala (NYR), 25 saves from 28 shots - (0.893), L, 0-3-0, 59:10 minutes

Players Stats

Thrashers
Player Name              G  A  P  +/- PIM S  H  SB FO    MP 
------------------------------------------------------------
Adrian Aucoin            0  3  3   2  0   2  0  0  0/0   21 
Antoine Vermette         1  0  1   2  0   3  1  0  1/1   16 
Brenden Morrow           0  0  0   0  0   1  6  0  2/8   18 
Brian Rolston            0  0  0   0  0   0  0  0  0/0   16 
Colby Armstrong          0  0  0   0  0   0  0  0  0/0   5  
Dan Girardi              0  0  0   0  2   1  1  0  0/0   15 
Dany Heatley             0  0  0   0  0   3  0  0  4/11  18 
Dave Bolland             0  0  0   0  2   1  1  0  6/13  15 
Dennis Wideman           0  0  0   0  2   2  1  0  0/0   23 
Devin Setoguchi          0  0  0   0  0   2  1  0  1/1   15 
Filip Kuba               0  0  0   0  0   0  0  1  0/0   23 
James Wisniewski         0  0  0   0  4   0  1  0  0/0   16 
Jarret Stoll             0  0  0   0  0   0  3  0  3/6   5  
Joffrey Lupul            0  0  0   0  0   0  0  0  1/1   5  
Mike Ribeiro             0  3  3   2  2   1  1  1  20/30 21 
Mikko Koivu              0  0  0   0  0   3  0  0  10/18 18 
Nik Antropov             1  0  1   2  0   6  1  0  1/3   18 
Sergei Zubov             1  0  1   2  0   3  1  1  0/0   21 
Rangers
Player Name              G  A  P  +/- PIM S  H  SB FO    MP 
------------------------------------------------------------
Ales Kotalik             0  0  0  -2  2   0  2  0  2/3   16 
Andrej Meszaros          0  0  0   0  0   1  5  2  0/0   17 
Anton Babchuk            0  0  0   0  0   1  0  0  0/0   6  
Bill Guerin              0  0  0  -2  2   2  0  0  1/2   16 
Cam Barker               0  0  0   0  6   1  2  0  0/0   13 
Chris Kelly              1  0  1   0  0   1  1  0  0/1   14 
Chris Neil               0  0  0   0  0   0  0  0  0/0   6  
Denis Grebeshkov         0  0  0  -2  0   1  1  2  0/0   21 
Kristopher Letang        0  0  0  -2  4   1  0  1  0/0   20 
Kyle Wellwood            0  1  1   0  0   1  1  0  4/12  14 
Lubomir Visnovsky        1  0  1   0  2   2  0  0  0/0   18 
Mattias Ohlund           0  0  0   0  0   1  3  0  0/0   23 
Mikael Samuelsson        0  0  0   0  0   0  0  0  1/1   13 
Niklas Hagman            0  1  1   0  0   0  1  0  0/3   18 
Scott Gomez              0  1  1   0  0   3  3  0  10/21 18 
Sergei Kostitsyn         0  0  0   0  0   1  0  0  0/1   6  
Stephen Weiss            0  0  0  -2  0   3  0  0  16/31 21 
Vyacheslav Kozlov        0  1  1   0  0   1  3  0  9/17  23 

3 Stars

1 - Adrian Aucoin (ATL)
2 - Mike Ribeiro (ATL)
3 - Sergei Zubov (ATL)

Power Play

Thrashers - 1 on 8 Attempt(s) - 12.50%
Rangers - 2 on 6 Attempt(s) - 33.33%

Penalty Kill

Thrashers - 4 on 6 Attempt(s) - 66.67% - Score 0 goal in Penalty Kill
Rangers - 7 on 8 Attempt(s) - 87.50% - Score 0 goal in Penalty Kill

Game Notes

No Game Note

Play by Play

Period #1

0:01 of 1st period - Scott Gomez wins face-off versus Mikko Koivu in neutral zone.
0:04 of 1st period - Dany Heatley is hit by Vyacheslav Kozlov and loses puck.
0:22 of 1st period - Icing by Lubomir Visnovsky.
0:23 of 1st period - Vyacheslav Kozlov wins face-off versus Mike Ribeiro in Rangers zone.
0:32 of 1st period - Sergei Zubov is hit by Vyacheslav Kozlov and loses puck.
1:29 of 1st period - Shot by Ales Kotalik.
1:29 of 1st period - Shot Misses the Net.
2:03 of 1st period - Minor Penalty to Dennis Wideman for Holding Stick.
2:04 of 1st period - Vyacheslav Kozlov wins face-off versus Nik Antropov in Thrashers zone.
2:21 of 1st period - Shot by Lubomir Visnovsky.
2:21 of 1st period - Goal by Lubomir Visnovsky - Thrashers : 0 - Rangers : 1.
2:22 of 1st period - Dave Bolland wins face-off versus Kyle Wellwood in neutral zone.
2:37 of 1st period - James Wisniewski is hit by Chris Kelly.
3:03 of 1st period - Shot by Devin Setoguchi.
3:03 of 1st period - Deflect By Dave Bolland.
3:03 of 1st period - Stopped by Vesa Toskala with a rebound.
3:45 of 1st period - Shot by Jarret Stoll.
3:45 of 1st period - Shot Misses the Net.
3:54 of 1st period - Off-side.
3:55 of 1st period - Mike Ribeiro wins face-off versus Stephen Weiss in neutral zone.
4:08 of 1st period - Antoine Vermette is hit by Denis Grebeshkov and loses puck.
4:24 of 1st period - Minor Penalty to Bill Guerin for Hooking.
4:25 of 1st period - Mikko Koivu wins face-off versus Vyacheslav Kozlov in Rangers zone.
5:16 of 1st period - Icing by Antoine Vermette.
5:17 of 1st period - Stephen Weiss wins face-off versus Nik Antropov in Thrashers zone.
5:45 of 1st period - Icing by Mike Ribeiro.
5:46 of 1st period - Mike Ribeiro wins face-off versus Vyacheslav Kozlov in Thrashers zone.
5:48 of 1st period - Icing by Sergei Zubov.
5:49 of 1st period - Vyacheslav Kozlov wins face-off versus Mike Ribeiro in Thrashers zone.
5:52 of 1st period - Shot by Vyacheslav Kozlov.
5:52 of 1st period - Shot Blocked by Sergei Zubov.
5:54 of 1st period - Shot by Scott Gomez.
5:54 of 1st period - Shot Misses the Net.
5:56 of 1st period - Shot by Mattias Ohlund.
5:56 of 1st period - Stopped by Roberto Luongo without a rebound.
5:57 of 1st period - Brenden Morrow wins face-off versus Stephen Weiss in Thrashers zone.
6:08 of 1st period - Shot by Dany Heatley.
6:08 of 1st period - Stopped by Vesa Toskala without a rebound.
6:09 of 1st period - Vyacheslav Kozlov wins face-off versus Mikko Koivu in Rangers zone.
6:30 of 1st period - Shot by Kyle Wellwood.
6:30 of 1st period - Stopped by Roberto Luongo without a rebound.
6:30 of 1st period - Minor Penalty to James Wisniewski for Goalie Interference.
6:31 of 1st period - Ales Kotalik wins face-off versus Brenden Morrow in Thrashers zone.
6:46 of 1st period - Shot by Stephen Weiss.
6:46 of 1st period - Stopped by Roberto Luongo without a rebound.
6:47 of 1st period - Dany Heatley wins face-off versus Scott Gomez in Thrashers zone.
6:53 of 1st period - Icing by Mattias Ohlund.
6:54 of 1st period - Scott Gomez wins face-off versus Brenden Morrow in Rangers zone.
7:19 of 1st period - Shot by Vyacheslav Kozlov.
7:19 of 1st period - Shot Misses the Net.
7:44 of 1st period - Icing by Mattias Ohlund.
7:45 of 1st period - Scott Gomez wins face-off versus Brenden Morrow in Rangers zone.
8:22 of 1st period - Shot by Stephen Weiss.
8:22 of 1st period - Stopped by Roberto Luongo without a rebound.
8:23 of 1st period - Stephen Weiss wins face-off versus Dany Heatley in Thrashers zone.
8:55 of 1st period - Devin Setoguchi is hit by Andrej Meszaros and loses puck.
9:13 of 1st period - Off-side.
9:14 of 1st period - Stephen Weiss wins face-off versus Mike Ribeiro in neutral zone.
9:34 of 1st period - Minor Penalty to Mike Ribeiro for High sticking.
9:35 of 1st period - Dany Heatley wins face-off versus Scott Gomez in Thrashers zone.
9:58 of 1st period - Shot by Scott Gomez.
9:58 of 1st period - Stopped by Roberto Luongo without a rebound.
9:59 of 1st period - Stephen Weiss wins face-off versus Brenden Morrow in Thrashers zone.
10:42 of 1st period - Shot by Lubomir Visnovsky.
10:42 of 1st period - Shot Misses the Net.
11:00 of 1st period - Shot by Lubomir Visnovsky.
11:00 of 1st period - Stopped by Roberto Luongo with a rebound.
12:06 of 1st period - Devin Setoguchi is hit by Andrej Meszaros and loses puck.
12:47 of 1st period - Shot by Antoine Vermette.
12:47 of 1st period - Shot Blocked by Andrej Meszaros.
12:49 of 1st period - Shot by Nik Antropov.
12:49 of 1st period - Deflect By Mike Ribeiro.
12:49 of 1st period - Shot Misses the Net.
13:00 of 1st period - Off-side.
13:01 of 1st period - Jarret Stoll wins face-off versus Niklas Hagman in neutral zone.
13:38 of 1st period - Off-side.
13:39 of 1st period - Stephen Weiss wins face-off versus Dave Bolland in neutral zone.
14:26 of 1st period - Denis Grebeshkov is hit by James Wisniewski and loses puck.
14:42 of 1st period - Icing by Kristopher Letang.
14:43 of 1st period - Mike Ribeiro wins face-off versus Ales Kotalik in Rangers zone.
14:54 of 1st period - Mike Ribeiro is hit by Ales Kotalik.
14:58 of 1st period - Shot by Nik Antropov.
14:58 of 1st period - Goal by Nik Antropov - Thrashers : 1 - Rangers : 1.
14:59 of 1st period - Scott Gomez wins face-off versus Mikko Koivu in neutral zone.
14:59 of 1st period - Scott Gomez is hit by Brenden Morrow.
15:03 of 1st period - Dennis Wideman is hit by Vyacheslav Kozlov and loses puck.
15:58 of 1st period - Sergei Zubov is hit by Kyle Wellwood and loses puck.
16:47 of 1st period - Shot by Vyacheslav Kozlov.
16:47 of 1st period - Shot Misses the Net.
16:51 of 1st period - Shot by Sergei Kostitsyn.
16:51 of 1st period - Stopped by Roberto Luongo without a rebound.
16:52 of 1st period - Devin Setoguchi wins face-off versus Stephen Weiss in Thrashers zone.
17:04 of 1st period - Icing by James Wisniewski.
17:05 of 1st period - Vyacheslav Kozlov wins face-off versus Dave Bolland in Thrashers zone.
17:55 of 1st period - Sergei Kostitsyn is hit by Brenden Morrow and loses puck.
18:25 of 1st period - Icing by Dennis Wideman.
18:26 of 1st period - Stephen Weiss wins face-off versus Mikko Koivu in Thrashers zone.
18:40 of 1st period - Minor Penalty to Ales Kotalik for Close Hand On Puck.
18:41 of 1st period - Mike Ribeiro wins face-off versus Stephen Weiss in Rangers zone.
18:46 of 1st period - Shot by Nik Antropov.
18:46 of 1st period - Shot Misses the Net.
18:48 of 1st period - Shot by Antoine Vermette.
18:48 of 1st period - Stopped by Vesa Toskala without a rebound.
18:49 of 1st period - Stephen Weiss wins face-off versus Mike Ribeiro in Rangers zone.
18:49 of 1st period - Stephen Weiss is hit by Antoine Vermette.
19:10 of 1st period - Icing by Adrian Aucoin.
19:11 of 1st period - Mike Ribeiro wins face-off versus Niklas Hagman in Thrashers zone.
19:11 of 1st period - Mike Ribeiro is hit by Scott Gomez.
19:24 of 1st period - Shot by Nik Antropov.
19:24 of 1st period - Deflect By Mike Ribeiro.
19:24 of 1st period - Stopped by Vesa Toskala without a rebound.
19:25 of 1st period - Mikko Koivu wins face-off versus Niklas Hagman in Rangers zone.

Period #2

0:01 of 2nd period - Mikko Koivu wins face-off versus Vyacheslav Kozlov in neutral zone.
0:10 of 2nd period - Shot by Brenden Morrow.
0:10 of 2nd period - Stopped by Vesa Toskala with a rebound.
0:12 of 2nd period - Shot by Mikko Koivu.
0:12 of 2nd period - Stopped by Vesa Toskala without a rebound.
0:13 of 2nd period - Mike Ribeiro wins face-off versus Stephen Weiss in Rangers zone.
1:20 of 2nd period - Shot by Dany Heatley.
1:20 of 2nd period - Stopped by Vesa Toskala without a rebound.
1:21 of 2nd period - Vyacheslav Kozlov wins face-off versus Dave Bolland in Rangers zone.
2:03 of 2nd period - Shot by Devin Setoguchi.
2:03 of 2nd period - Stopped by Vesa Toskala without a rebound.
2:04 of 2nd period - Stephen Weiss wins face-off versus Mike Ribeiro in Rangers zone.
2:22 of 2nd period - Shot by Ales Kotalik.
2:22 of 2nd period - Deflect By Bill Guerin.
2:22 of 2nd period - Stopped by Roberto Luongo without a rebound.
2:23 of 2nd period - Joffrey Lupul wins face-off versus Kyle Wellwood in Thrashers zone.
3:13 of 2nd period - Cam Barker is hit by Sergei Zubov and loses puck.
3:30 of 2nd period - Shot by Nik Antropov.
3:30 of 2nd period - Stopped by Vesa Toskala without a rebound.
3:31 of 2nd period - Dave Bolland wins face-off versus Scott Gomez in Rangers zone.
3:46 of 2nd period - Shot by Vyacheslav Kozlov.
3:46 of 2nd period - Stopped by Roberto Luongo without a rebound.
3:47 of 2nd period - Mike Ribeiro wins face-off versus Stephen Weiss in Thrashers zone.
4:10 of 2nd period - Antoine Vermette is hit by Ales Kotalik and loses puck.
5:14 of 2nd period - Shot by Mikko Koivu.
5:14 of 2nd period - Stopped by Vesa Toskala without a rebound.
5:15 of 2nd period - Dave Bolland wins face-off versus Kyle Wellwood in Rangers zone.
5:26 of 2nd period - Andrej Meszaros is hit by Dave Bolland and loses puck.
7:59 of 2nd period - Icing by Kyle Wellwood.
8:00 of 2nd period - Mikael Samuelsson wins face-off versus Mike Ribeiro in Rangers zone.
8:07 of 2nd period - Shot by Mikael Samuelsson.
8:07 of 2nd period - Shot Misses the Net.
8:20 of 2nd period - Mike Ribeiro is hit by Cam Barker and loses puck.
8:28 of 2nd period - Minor Penalty to Cam Barker for Hooking.
8:29 of 2nd period - Mikko Koivu wins face-off versus Stephen Weiss in Rangers zone.
8:34 of 2nd period - Shot by Filip Kuba.
8:34 of 2nd period - Shot Blocked by Kristopher Letang.
8:36 of 2nd period - Shot by Mikko Koivu.
8:36 of 2nd period - Shot Misses the Net.
8:40 of 2nd period - Shot by Mikko Koivu.
8:40 of 2nd period - Shot Blocked by Denis Grebeshkov.
8:42 of 2nd period - Shot by Filip Kuba.
8:42 of 2nd period - Shot Misses the Net.
8:44 of 2nd period - Shot by Mikko Koivu.
8:44 of 2nd period - Shot Misses the Net.
8:46 of 2nd period - Shot by Dany Heatley.
8:46 of 2nd period - Shot Misses the Net.
8:52 of 2nd period - Shot by Dany Heatley.
8:52 of 2nd period - Shot Blocked by Denis Grebeshkov.
8:54 of 2nd period - Shot by Dennis Wideman.
8:54 of 2nd period - Shot Misses the Net.
9:03 of 2nd period - Minor Penalty to Kristopher Letang for Hooking.
9:04 of 2nd period - Mike Ribeiro wins face-off versus Vyacheslav Kozlov in Rangers zone.
9:33 of 2nd period - Shot by Sergei Zubov.
9:33 of 2nd period - Deflect By Nik Antropov.
9:33 of 2nd period - Stopped by Vesa Toskala with a rebound.
9:37 of 2nd period - Shot by Antoine Vermette.
9:37 of 2nd period - Stopped by Vesa Toskala without a rebound.
9:38 of 2nd period - Mikko Koivu wins face-off versus Scott Gomez in Rangers zone.
9:57 of 2nd period - Shot by Brenden Morrow.
9:57 of 2nd period - Shot Blocked by Andrej Meszaros.
10:01 of 2nd period - Shot by Dennis Wideman.
10:01 of 2nd period - Stopped by Vesa Toskala without a rebound.
10:02 of 2nd period - Mike Ribeiro wins face-off versus Vyacheslav Kozlov in Rangers zone.
10:02 of 2nd period - Mike Ribeiro is hit by Mattias Ohlund.
10:20 of 2nd period - Shot by Adrian Aucoin.
10:20 of 2nd period - Shot Misses the Net.
10:22 of 2nd period - Shot by Sergei Zubov.
10:22 of 2nd period - Goal by Sergei Zubov - Thrashers : 2 - Rangers : 1.
10:23 of 2nd period - Stephen Weiss wins face-off versus Mikko Koivu in neutral zone.
10:47 of 2nd period - Off-side.
10:48 of 2nd period - Mike Ribeiro wins face-off versus Vyacheslav Kozlov in neutral zone.
11:13 of 2nd period - Off-side.
11:14 of 2nd period - Jarret Stoll wins face-off versus Stephen Weiss in neutral zone.
11:17 of 2nd period - Stephen Weiss is hit by Jarret Stoll and loses puck.
13:11 of 2nd period - Shot by Scott Gomez.
13:11 of 2nd period - Shot Misses the Net.
13:15 of 2nd period - Shot by Scott Gomez.
13:15 of 2nd period - Stopped by Roberto Luongo without a rebound.
13:16 of 2nd period - Kyle Wellwood wins face-off versus Jarret Stoll in Thrashers zone.
13:46 of 2nd period - Colby Armstrong is hit by Cam Barker and loses puck.
14:02 of 2nd period - Mike Ribeiro is hit by Andrej Meszaros and loses puck.
14:04 of 2nd period - Minor Penalty to Cam Barker for Holding.
14:05 of 2nd period - Mike Ribeiro wins face-off versus Vyacheslav Kozlov in Rangers zone.
14:14 of 2nd period - Shot by Sergei Zubov.
14:14 of 2nd period - Stopped by Vesa Toskala without a rebound.
14:15 of 2nd period - Scott Gomez wins face-off versus Mikko Koivu in Rangers zone.
14:34 of 2nd period - Shot by Adrian Aucoin.
14:34 of 2nd period - Stopped by Vesa Toskala without a rebound.
14:35 of 2nd period - Stephen Weiss wins face-off versus Mike Ribeiro in Rangers zone.
14:57 of 2nd period - Mike Ribeiro is hit by Mattias Ohlund and loses puck.
16:02 of 2nd period - Mattias Ohlund is hit by Nik Antropov and loses puck.
16:04 of 2nd period - Minor Penalty to Dave Bolland for Roughing.
16:05 of 2nd period - Scott Gomez wins face-off versus Brenden Morrow in Thrashers zone.
16:14 of 2nd period - Shot by Anton Babchuk.
16:14 of 2nd period - Shot Misses the Net.
16:16 of 2nd period - Shot by Anton Babchuk.
16:16 of 2nd period - Stopped by Roberto Luongo without a rebound.
16:17 of 2nd period - Bill Guerin wins face-off versus Dany Heatley in Thrashers zone.
16:56 of 2nd period - Scott Gomez is hit by Brenden Morrow.
16:59 of 2nd period - Icing by Niklas Hagman.
17:00 of 2nd period - Scott Gomez wins face-off versus Dany Heatley in Rangers zone.
17:40 of 2nd period - Icing by Chris Kelly.
17:41 of 2nd period - Brenden Morrow wins face-off versus Bill Guerin in Rangers zone.
18:07 of 2nd period - Shot by Chris Neil.
18:07 of 2nd period - Shot Misses the Net.
18:10 of 2nd period - Icing by Dan Girardi.
18:11 of 2nd period - Kyle Wellwood wins face-off versus Dave Bolland in Thrashers zone.
18:12 of 2nd period - Shot by Cam Barker.
18:12 of 2nd period - Stopped by Roberto Luongo with a rebound.
18:21 of 2nd period - Icing by Cam Barker.
18:22 of 2nd period - Jarret Stoll wins face-off versus Kyle Wellwood in Rangers zone.
19:07 of 2nd period - Dave Bolland is hit by Andrej Meszaros and loses puck.
19:27 of 2nd period - Dave Bolland is hit by Mattias Ohlund and loses puck.
19:30 of 2nd period - Shot by Dan Girardi.
19:30 of 2nd period - Shot Misses the Net.
19:34 of 2nd period - Shot by Dave Bolland.
19:34 of 2nd period - Deflect By Devin Setoguchi.
19:34 of 2nd period - Stopped by Vesa Toskala without a rebound.
19:35 of 2nd period - Stephen Weiss wins face-off versus Mike Ribeiro in Rangers zone.
19:35 of 2nd period - Bill Guerin is hit by Mike Ribeiro.
19:36 of 2nd period - Icing by Bill Guerin.
19:37 of 2nd period - Mike Ribeiro wins face-off versus Stephen Weiss in Rangers zone.
19:50 of 2nd period - Shot by Stephen Weiss.
19:50 of 2nd period - Shot Misses the Net.
19:57 of 2nd period - Icing by Sergei Zubov.
19:58 of 2nd period - Mike Ribeiro wins face-off versus Scott Gomez in Thrashers zone.

Period #3

0:01 of 3rd period - Mikko Koivu wins face-off versus Scott Gomez in neutral zone.
0:16 of 3rd period - Mikko Koivu is hit by Niklas Hagman.
0:23 of 3rd period - Scott Gomez is hit by Dennis Wideman and loses puck.
0:26 of 3rd period - Shot by Mattias Ohlund.
0:26 of 3rd period - Shot Misses the Net.
0:51 of 3rd period - Icing by Brenden Morrow.
0:52 of 3rd period - Stephen Weiss wins face-off versus Mikko Koivu in Thrashers zone.
1:15 of 3rd period - Icing by Kristopher Letang.
1:16 of 3rd period - Antoine Vermette wins face-off versus Stephen Weiss in Rangers zone.
1:32 of 3rd period - Shot by Antoine Vermette.
1:32 of 3rd period - Goal by Antoine Vermette - Thrashers : 3 - Rangers : 1.
1:33 of 3rd period - Dave Bolland wins face-off versus Kyle Wellwood in neutral zone.
1:52 of 3rd period - Shot by Cam Barker.
1:52 of 3rd period - Shot Misses the Net.
1:54 of 3rd period - Shot by Andrej Meszaros.
1:54 of 3rd period - Shot Misses the Net.
1:56 of 3rd period - Shot by Andrej Meszaros.
1:56 of 3rd period - Stopped by Roberto Luongo without a rebound.
1:57 of 3rd period - Mike Ribeiro wins face-off versus Vyacheslav Kozlov in Thrashers zone.
2:17 of 3rd period - Icing by Mattias Ohlund.
2:18 of 3rd period - Vyacheslav Kozlov wins face-off versus Dave Bolland in Rangers zone.
2:38 of 3rd period - Icing by Anton Babchuk.
2:39 of 3rd period - Vyacheslav Kozlov wins face-off versus Jarret Stoll in Rangers zone.
2:55 of 3rd period - Off-side.
2:56 of 3rd period - Mike Ribeiro wins face-off versus Chris Kelly in neutral zone.
3:01 of 3rd period - Icing by Cam Barker.
3:02 of 3rd period - Mike Ribeiro wins face-off versus Kyle Wellwood in Rangers zone.
3:02 of 3rd period - Minor Penalty to Cam Barker for Diving.
3:03 of 3rd period - Mike Ribeiro wins face-off versus Stephen Weiss in Rangers zone.
3:04 of 3rd period - Shot by Nik Antropov.
3:04 of 3rd period - Stopped by Vesa Toskala without a rebound.
3:05 of 3rd period - Mike Ribeiro wins face-off versus Stephen Weiss in Rangers zone.
4:08 of 3rd period - Filip Kuba is hit by Scott Gomez and loses puck.
4:27 of 3rd period - Denis Grebeshkov is hit by Brenden Morrow.
5:28 of 3rd period - Devin Setoguchi is hit by Andrej Meszaros and loses puck.
5:31 of 3rd period - Shot by Dan Girardi.
5:31 of 3rd period - Stopped by Vesa Toskala without a rebound.
5:32 of 3rd period - Vyacheslav Kozlov wins face-off versus Mike Ribeiro in Rangers zone.
6:13 of 3rd period - Shot by Nik Antropov.
6:13 of 3rd period - Stopped by Vesa Toskala without a rebound.
6:14 of 3rd period - Stephen Weiss wins face-off versus Dave Bolland in Rangers zone.
6:49 of 3rd period - Bill Guerin is hit by Dan Girardi and loses puck.
6:56 of 3rd period - Shot by Bill Guerin.
6:56 of 3rd period - Stopped by Roberto Luongo with a rebound.
7:22 of 3rd period - Shot by Joffrey Lupul.
7:22 of 3rd period - Shot Misses the Net.
7:24 of 3rd period - Shot by Dennis Wideman.
7:24 of 3rd period - Stopped by Vesa Toskala without a rebound.
7:25 of 3rd period - Mike Ribeiro wins face-off versus Scott Gomez in Rangers zone.
7:36 of 3rd period - Shot by Antoine Vermette.
7:36 of 3rd period - Deflect By Nik Antropov.
7:36 of 3rd period - Stopped by Vesa Toskala with a rebound.
7:38 of 3rd period - Shot by Sergei Zubov.
7:38 of 3rd period - Stopped by Vesa Toskala without a rebound.
7:39 of 3rd period - Mikko Koivu wins face-off versus Kyle Wellwood in Rangers zone.
7:52 of 3rd period - Shot by Dany Heatley.
7:52 of 3rd period - Stopped by Vesa Toskala without a rebound.
7:53 of 3rd period - Scott Gomez wins face-off versus Mike Ribeiro in Rangers zone.
8:25 of 3rd period - Shot by Nik Antropov.
8:25 of 3rd period - Deflect By Mike Ribeiro.
8:25 of 3rd period - Shot Misses the Net.
8:27 of 3rd period - Shot by Adrian Aucoin.
8:27 of 3rd period - Shot Misses the Net.
8:31 of 3rd period - Shot by Adrian Aucoin.
8:31 of 3rd period - Stopped by Vesa Toskala without a rebound.
8:32 of 3rd period - Mikko Koivu wins face-off versus Stephen Weiss in Rangers zone.
8:33 of 3rd period - Shot by Dennis Wideman.
8:33 of 3rd period - Shot Misses the Net.
9:05 of 3rd period - Denis Grebeshkov is hit by Brenden Morrow and loses puck.
9:38 of 3rd period - Icing by Dave Bolland.
9:39 of 3rd period - Kyle Wellwood wins face-off versus Dave Bolland in Thrashers zone.
9:43 of 3rd period - Minor Penalty to James Wisniewski for High sticking.
9:44 of 3rd period - Nik Antropov wins face-off versus Scott Gomez in Thrashers zone.
10:44 of 3rd period - Shot by Stephen Weiss.
10:44 of 3rd period - Shot Misses the Net.
10:46 of 3rd period - Shot by Denis Grebeshkov.
10:46 of 3rd period - Stopped by Roberto Luongo without a rebound.
10:47 of 3rd period - Dany Heatley wins face-off versus Scott Gomez in Thrashers zone.
11:08 of 3rd period - Shot by Scott Gomez.
11:08 of 3rd period - Stopped by Roberto Luongo with a rebound.
11:10 of 3rd period - Shot by Scott Gomez.
11:10 of 3rd period - Shot Blocked by Mike Ribeiro.
11:12 of 3rd period - Shot by Andrej Meszaros.
11:12 of 3rd period - Shot Misses the Net.
11:16 of 3rd period - Shot by Lubomir Visnovsky.
11:16 of 3rd period - Shot Misses the Net.
11:27 of 3rd period - Icing by Chris Neil.
11:28 of 3rd period - Kyle Wellwood wins face-off versus Dany Heatley in Rangers zone.
11:37 of 3rd period - Shot by Vyacheslav Kozlov.
11:37 of 3rd period - Shot Misses the Net.
11:39 of 3rd period - Shot by Chris Kelly.
11:39 of 3rd period - Goal by Chris Kelly - Thrashers : 3 - Rangers : 2.
11:40 of 3rd period - Dave Bolland wins face-off versus Kyle Wellwood in neutral zone.
11:53 of 3rd period - Shot by Devin Setoguchi.
11:53 of 3rd period - Shot Misses the Net.
12:02 of 3rd period - Icing by Cam Barker.
12:03 of 3rd period - Ales Kotalik wins face-off versus Jarret Stoll in Rangers zone.
12:03 of 3rd period - Ales Kotalik is hit by Jarret Stoll.
12:06 of 3rd period - Mikael Samuelsson is hit by Jarret Stoll.
13:33 of 3rd period - Minor Penalty to Kristopher Letang for Tripping.
13:34 of 3rd period - Mike Ribeiro wins face-off versus Stephen Weiss in Rangers zone.
14:06 of 3rd period - Shot by Sergei Zubov.
14:06 of 3rd period - Shot Misses the Net.
14:07 of 3rd period - Minor Penalty to Lubomir Visnovsky for Holding.
14:08 of 3rd period - Mikko Koivu wins face-off versus Scott Gomez in Rangers zone.
14:16 of 3rd period - Shot by Mikko Koivu.
14:16 of 3rd period - Stopped by Vesa Toskala without a rebound.
14:17 of 3rd period - Scott Gomez wins face-off versus Mikko Koivu in Rangers zone.
15:51 of 3rd period - Off-side.
15:52 of 3rd period - Mikko Koivu wins face-off versus Stephen Weiss in neutral zone.
16:18 of 3rd period - Kyle Wellwood is hit by Devin Setoguchi.
16:21 of 3rd period - Minor Penalty to Dan Girardi for Holding.
16:22 of 3rd period - Stephen Weiss wins face-off versus Dany Heatley in Thrashers zone.
16:29 of 3rd period - Shot by Kristopher Letang.
16:29 of 3rd period - Stopped by Roberto Luongo without a rebound.
16:30 of 3rd period - Stephen Weiss wins face-off versus Brenden Morrow in Thrashers zone.
16:31 of 3rd period - Shot by Kristopher Letang.
16:31 of 3rd period - Shot Misses the Net.
16:33 of 3rd period - Shot by Kristopher Letang.
16:33 of 3rd period - Shot Misses the Net.
16:37 of 3rd period - Shot by Stephen Weiss.
16:37 of 3rd period - Stopped by Roberto Luongo without a rebound.
16:38 of 3rd period - Dany Heatley wins face-off versus Scott Gomez in Thrashers zone.
16:38 of 3rd period - Dany Heatley is hit by Scott Gomez.
17:11 of 3rd period - Icing by Lubomir Visnovsky.
17:12 of 3rd period - Scott Gomez wins face-off versus Dany Heatley in Rangers zone.
17:36 of 3rd period - Ales Kotalik is hit by Brenden Morrow and loses puck.
17:42 of 3rd period - Icing by Stephen Weiss.
17:43 of 3rd period - Stephen Weiss wins face-off versus Dany Heatley in Rangers zone.
17:48 of 3rd period - Shot by Kristopher Letang.
17:48 of 3rd period - Shot Misses the Net.
17:50 of 3rd period - Shot by Kristopher Letang.
17:50 of 3rd period - Shot Blocked by Filip Kuba.
17:54 of 3rd period - Shot by Denis Grebeshkov.
17:54 of 3rd period - Shot Misses the Net.
17:58 of 3rd period - Shot by Ales Kotalik.
17:58 of 3rd period - Shot Misses the Net.
18:56 of 3rd period - Icing by James Wisniewski.
18:57 of 3rd period - Dave Bolland wins face-off versus Sergei Kostitsyn in Thrashers zone.
19:10 of 3rd period - Rangers, Vesa Toskala is pulled from the net.


Output by the SimonT Hockey Simulator (STHS) for Stephane Roy -- Original Page W3C XHTML 1.0 Valid